 Dungeon Crawl Stone Soup version 0.22.1-6-g1668fe2c40 (webtiles) character file.

503189 ernesto the Executioner (level 24, -6/217 HPs)
             Began as a Hill Orc Fighter on Jan 31, 2019.
             Was the Champion of Beogh.
             Mangled by an iron troll (10 damage)
             ... summoned by a glowing orange brain
             ... on level 5 of the Depths on Feb 9, 2019.
             The game lasted 09:56:20 (84025 turns).

ernesto the Executioner (Hill Orc Fighter)         Turns: 84025, Time: 09:56:21

Health: -6/217     AC: 53    Str: 31    XL:     24   Next: 95%
Magic:  37/38      EV: 11    Int: 10    God:    Beogh [******]
Gold:   3786       SH:  4    Dex: 14    Spells: 23/23 levels left

rFire    + . .     SeeInvis +   X - +5 battleaxe "Vadaj" {flame, MR+ MP+9 Str+2}
rCold    + . .     Gourm    .   (shield currently unavailable)
rNeg     + . .     Faith    .   i - +12 crystal plate armour
rPois    +         Spirit   .   E - +0 helmet of Laapolae {rElec rC+ rN+}
rElec    +         Reflect  +   w - +2 cloak {rPois}
rCorr    .         Harm     .   Q - +0 pair of gloves {Dex+3}
MR       ++...                  c - +1 pair of boots {run}
Stlth    ..........             u - +4 amulet of reflection
HPRegen  0.46/turn              F - ring of Xinanlah {rElec Slay+2 SInv Stlth-}
MPRegen  0.26/turn              L - ring of Tahushrowei {+Fly rF+ Slay+4}

@: studying Axes, quick
A: walk on water, blink, clever 1, frail 1, low mp 1
}: 3/15 runes: decaying, serpentine, silver
a: Blink, Smiting, Recall Orcish Followers, Give Item to Named Follower,
Resurrection, Renounce Religion, Evoke Flight


You were on level 5 of the Depths.
You worshipped Beogh.
Beogh was exalted by your worship.
You were hungry.

You visited 8 branches of the dungeon, and saw 44 of its levels.
You visited the Abyss 1 time.
You also visited: Labyrinth, Sewer, Ice Cave and Wizlab.

You collected 5717 gold pieces.
You spent 1931 gold pieces at shops.

Inventory:

Hand Weapons
 M - the +11 battleaxe of the Final Chapter {chop, rC+ Str+4 Dex-2}
   (You took it off a deep elf mage on level 2 of the Elven Halls)

   It inflicts extra damage upon your enemies.
   It affects your strength (+4).
   It affects your dexterity (-2).
   It protects you from cold.
 X - the +5 battleaxe "Vadaj" (weapon) {flame, MR+ MP+9 Str+2}
   (You took it off an ironbrand convoker on level 5 of the Vaults)

   It has been specially enchanted to burn those struck by it, causing extra
   injury to most foes and up to half again as much damage against particularly
   susceptible opponents.
   Big, fiery blades are also staple armaments of hydra-hunters.
   It affects your strength (+2).
   It affects your resistance to hostile enchantments.
   It affects your magic capacity (+9).
Armour
 c - a +1 pair of boots of running (worn)
 i - a +12 crystal plate armour (worn)
 k - the +0 plate armour "Gunibrom" {+Inv rN+ Dex+3 Slay+4}
   (You took it off a deep elf high priest on level 3 of the Elven Halls)

   It affects your dexterity (+3).
   It affects your accuracy and damage with ranged weapons and melee attacks
   (+4).
   It protects you from negative energy.
   It lets you turn invisible.
 w - a +2 cloak of poison resistance (worn)
 E - the +0 helmet of Laapolae (worn) {rElec rC+ rN+}
   (You found it on level 7 of the Dungeon)

   It protects you from cold.
   It insulates you from electricity.
   It protects you from negative energy.
 Q - a +0 pair of gloves of dexterity (worn)
 W - the +2 shield of Beogh's Supremacy {+Blink rF+ Int+3 SInv}
   (You bought it in a shop on level 3 of the Depths)

   It affects your intelligence (+3).
   It protects you from fire.
   It lets you see invisible.
   It lets you blink.
Jewellery
 b - an uncursed ring of protection from magic
 h - the amulet of Vitality {Regen+ HP+15}
   (You found it on level 1 of the Depths)

   [amulet of regeneration]

   It affects your health (+15).
   It increases your rate of regeneration.
 u - a +4 amulet of reflection (around neck)
 z - a +3 ring of evasion
 F - the ring of Xinanlah (left hand) {rElec Slay+2 SInv Stlth-}
   (You found it on level 3 of the Elven Halls)

   [ring of attention]

   It affects your accuracy and damage with ranged weapons and melee attacks
   (+2).
   It insulates you from electricity.
   It lets you see invisible.
   It makes you less stealthy.
 G - the ring of Desertification {*Slow +Fly MR+ Str+10 Int+3}
   (You found it on level 2 of the Elven Halls)

   [ring of protection from magic]

   It affects your strength (+10).
   It affects your intelligence (+3).
   It affects your resistance to hostile enchantments.
   It lets you fly.
   It may slow you when you take damage.
 L - the ring of Tahushrowei (right hand) {+Fly rF+ Slay+4}
   (You found it on level 11 of the Dungeon)

   [ring of flight]

   It affects your accuracy and damage with ranged weapons and melee attacks
   (+4).
   It protects you from fire.
   It lets you fly.
Wands
 g - a wand of acid (42)
 p - a wand of iceblast (19)
 t - a wand of enslavement (61)
 C - a wand of scattershot (11)
 J - a wand of polymorph (24)
 N - a wand of digging (63)
 P - a wand of paralysis (38)
 S - a wand of disintegration (59)
 V - a wand of flame (86)
Scrolls
 a - a scroll of silence
 e - a scroll of summoning
 o - a scroll of amnesia
 q - 5 scrolls of remove curse
 r - 10 scrolls of fear
 y - 13 scrolls of teleportation
 D - 2 scrolls of holy word
 H - a scroll of blinking
 O - 22 scrolls of identify
 R - 10 scrolls of fog
 U - a scroll of enchant armour
Potions
 d - 3 potions of might
 j - a potion of agility
 l - a potion of ambrosia
 m - 8 potions of lignification
 n - 7 potions of heal wounds
 s - 17 potions of curing
 v - 3 potions of resistance
 A - 3 potions of berserk rage
 B - 4 potions of haste
 I - 3 potions of flight
 K - 3 potions of cancellation
 T - a potion of invisibility
Books
 x - a manual of Axes
Comestibles
 f - 54 rations


   Skills:
 - Level 25.0 Fighting
 - Level 25.5 Axes
   Level 1.0(15.2) Maces & Flails
 + Level 24.5 Armour
 - Level 5.6 Dodging
 - Level 0.2 Stealth
 - Level 15.3 Shields
 + Level 13.4 Invocations
 - Level 10.2 Evocations


You had 23 spell levels left.
You didn't know any spells.
Your spell library contained the following spells:

 Spells                   Type           Power        Failure   Level  Hunger
 Animate Skeleton         Necr           N/A          93%         1    ##.....
 Apportation              Tloc           #.....       93%         1    ##.....
 Beastly Appendage        Tmut           #.....       93%         1    ##.....
 Corona                   Hex            #......      93%         1    ##.....
 Flame Tongue             Conj/Fire      #....        93%         1    ##.....
 Freeze                   Ice            #...         93%         1    ##.....
 Magic Dart               Conj           #...         93%         1    ##.....
 Pain                     Necr           #...         93%         1    ##.....
 Sting                    Conj/Pois      #...         93%         1    ##.....
 Summon Butterflies       Summ           #.......     93%         1    ##.....
 Blink                    Tloc           N/A          98%         2    ###....
 Call Imp                 Summ           #.......     98%         2    ###....
 Ensorcelled Hibernation  Hex/Ice        #.....       98%         2    ###....
 Poisonous Vapours        Pois/Air       #.....       98%         2    ###....
 Slow                     Hex            #.......     98%         2    ###....
 Sticks to Snakes         Tmut           #.......     98%         2    ###....
 Swiftness                Chrm/Air       #.......     98%         2    ###....
 Throw Frost              Conj/Ice       #.....       98%         2    ###....
 Confuse                  Hex            #.......     100%        3    ####...
 Conjure Flame            Conj/Fire      #.......     100%        3    ####...
 Dazzling Spray           Conj/Hex       #.....       100%        3    ####...
 Ignite Poison            Fire/Tmut/Pois #.......     100%        3    ####...
 Lesser Beckoning         Tloc           #.........   100%        3    ####...
 Mephitic Cloud           Conj/Pois/Air  #.......     100%        3    ####...
 Ozocubu's Armour         Chrm/Ice       #.......     100%        3    ####...
 Portal Projectile        Hex/Tloc       #.....       100%        3    ####...
 Recall                   Summ/Tloc      N/A          100%        3    ####...
 Regeneration             Chrm/Necr      #.........   100%        3    ####...
 Spider Form              Tmut/Pois      #.........   100%        3    ####...
 Static Discharge         Conj/Air       #.......     100%        3    ####...
 Tukima's Dance           Hex            #.......     100%        3    ####...
 Vampiric Draining        Necr           #.........   100%        3    ####...
 Animate Dead             Necr           N/A          100%        4    #####..
 Cause Fear               Hex            #.........   100%        4    #####..
 Ice Form                 Ice/Tmut       #.......     100%        4    #####..
 Olgreb's Toxic Radiance  Pois           #.......     100%        4    #####..
 Passage of Golubria      Tloc           N/A          100%        4    #####..
 Throw Icicle             Conj/Ice       #.......     100%        4    #####..
 Agony                    Necr           #.......     100%        5    ######.
 Alistair's Intoxication  Tmut/Pois      #.......     100%        5    ######.
 Aura of Abjuration       Summ           #.........   100%        5    ######.
 Blade Hands              Tmut           #.........   100%        5    ######.
 Bolt of Magma            Conj/Fire/Erth #.........   100%        5    ######.
 Borgnjor's Vile Clutch   Necr/Erth      #.........   100%        5    ######.
 Excruciating Wounds      Chrm/Necr      #.........   100%        5    ######.
 Fireball                 Conj/Fire      #.........   100%        5    ######.
 Irradiate                Conj/Tmut      #.........   100%        5    ######.
 Iskenderun's Battlesphe  Conj/Chrm      #.......     100%        5    ######.
 Silence                  Hex/Air        #.........   100%        5    ######.
 Summon Demon             Summ           #.........   100%        5    ######.
 Summon Forest            Summ/Tloc      #.........   100%        5    ######.
 Summon Mana Viper        Hex/Summ       #.......     100%        5    ######.
 Venom Bolt               Conj/Pois      #.........   100%        5    ######.
 Yara's Violent Unravell  Hex/Tmut       #.........   100%        5    ######.
 Bolt of Fire             Conj/Fire      #.........   100%        6    #######
 Darkness                 Hex            #.........   100%        6    #######
 Deflect Missiles         Chrm/Air       #.........   100%        6    #######
 Freezing Cloud           Conj/Ice/Air   #.........   100%        6    #######
 Hydra Form               Tmut           #.........   100%        6    #######
 Invisibility             Hex            #.......     100%        6    #######
 Iron Shot                Conj/Erth      #.........   100%        6    #######
 Shadow Creatures         Summ           N/A          100%        6    #######
 Simulacrum               Ice/Necr       #.........   100%        6    #######
 Statue Form              Tmut/Erth      #........    100%        6    #######
 Dragon Form              Tmut           #.........   100%        7    #######
 Orb of Destruction       Conj           #.........   100%        7    #######
 Ring of Flames           Chrm/Fire      #.........   100%        7    #######
 Spellforged Servitor     Conj/Summ      #.........   100%        7    #######
 Discord                  Hex            #.........   100%        8    #######
 Ignition                 Fire           #.........   100%        8    #######
 Lehudib's Crystal Spear  Conj/Erth      #.........   100%        8    #######
 Shatter                  Erth           #.........   100%        9    #######


Dungeon Overview and Level Annotations

Branches:
Dungeon (15/15)            Temple (0/1) D:6            Lair (6/6) D:8
  Swamp (4/4) Lair:4        Snake (4/4) Lair:4        Slime (0/5) Lair:6
    Orc (2/2) D:10            Elf (3/3) Orc:2        Vaults (5/5) D:14
  Crypt (0/3) Vaults:3     Depths (5/5) D:15
    Zot: Depths:5

Altars:
Ashenzari
Cheibriados
Elyvilon
Fedhas
Hepliaklqana
Makhleb
Nemelex Xobeh
Okawaru
Qazlal
Ru
Sif Muna
Trog
Uskayaw
Wu Jian
Zin
The Shining One
Beogh
Jiyva

Shops:
D:5 *   D:8 =!   Orc:1 %   Orc:2 *[::   Elf:3 ?   Snake:4 !   Vaults:1 *[?*
Vaults:2 (   Vaults:3 %   Depths:1 =}=   Depths:2 :   Depths:3 [   Depths:4 }=

Portals:
Hell: Depths:1 Depths:2 Depths:3 Depths:4
Abyss: Depths:4
Pandemonium: Depths:1 Depths:3
Ziggurat: Depths:3
Trove: D:14 (give 15 potions of curing)

Annotations:
Lair:6 exclusion: 2 oklob plants
Snake:2 exclusion: Roxanne, Roxanne
Depths:1 2 runed doors, exclusion: 2 doors, Cykl0x's ghost, journeyman DDFi


Innate Abilities, Weirdness & Mutations

You can walk on water.
You can translocate small distances at will.
Your mind is acute. (Int +2)
You are frail. (-10% HP)
Your magical capacity is low. (-10% MP)


Message History

The iron troll bites you but does no damage.
The iron troll claws you!!
* * * LOW HITPOINT WARNING * * *
The iron troll claws you but does no damage.
You feel much better.
The deep troll bites you but does no damage.
The deep troll claws you but does no damage.
You block the deep troll's attack. You block the iron troll's attack.
The iron troll claws you but does no damage. x2
The iron troll barely misses you. The iron troll claws you!
* * * LOW HITPOINT WARNING * * *
The iron troll claws you but does no damage.
The deep troll barely misses you. You block the deep troll's attack.
The deep troll closely misses you. The iron troll bites you!!
* * * LOW HITPOINT WARNING * * *
The iron troll claws you.
* * * LOW HITPOINT WARNING * * *
The iron troll claws you!
You die...

### ##.#
##..##
#....#
####<.#
#.#...TT##
.......T)@#
.........##
......####
......
...G..
...### ...


You could see 2 iron trolls and a deep troll.

Vanquished Creatures
  Vashnia (Snake:3)
  Margery (Vaults:2)
  4 caustic shrikes (Depths:2)
  A golden dragon (Depths:2)
  4 tentacled monstrosities
  A moon troll (WizLab)
  A lich (Vaults:5)
  A deep elf master archer (Elf:3)
  A titan (Vaults:5)
  2 deep elf blademasters
  A quicksilver dragon (Vaults:5)
  13 tentacled starspawn
  2 sphinxes
  4 shadow dragons
  2 thorn hunters (Swamp:3)
  Agnes (Snake:3)
  3 tengu reavers
  5 storm dragons
  10 fire giants
  2 frost giants
  A revenant (Vaults:3)
  4 nagarajas (Snake:4)
  11 vault wardens
  3 iron dragons
  6 deep elf sorcerers
  A cacodemon (WizLab)
  A deep elf elementalist (Elf:3)
  The ghost of Zarkath the Covert, a journeyman OpWz of Vehumet (Lair:6)
  The ghost of Peloso the Fencer, a journeyman MiFi of Okawaru (Lair:6)
  9 ironheart preservers
  The ghost of vuolankoinen the Carver, a journeyman HuWn of Ashenzari (Lair:6)
  27 very ugly things
  20 stone giants
  An entropy weaver (Vaults:3)
  8 deep elf demonologists
  2 vampire knights
  Nessos (D:13)
  Azrael (D:14)
  5 spark wasps
  8 deep elf annihilators
  A minotaur (Lab)
  4 deep elf death magi (Elf:3)
  5 ettins
  3 crystal guardians (WizLab)
  A blizzard demon (Depths:3)
  10 great orbs of eyes
  2 fire dragons (shapeshifter)
  7 deep elf high priests
  5 ice dragons
  Erolcha (D:9)
  8 fire dragons
  27 vault guards
  7 hydras
  5 rakshasas
  14 yaktaur captains
  11 centaur warriors
  26 two-headed ogres
  9 anacondas
  2 spriggan air magi
  13 naga warriors
  3 ghost crabs
  9 alligators
  9 ogre magi
  4 deep troll earth magi
  4 hell hogs (Abyss:2)
  A thrashing horror (Abyss:2)
  A vampire mage (Depths:1)
  5 tengu warriors
  The ghost of lenfi the Spear-Bearer, a novice NaEn of Dithmenos (D:10)
  29 dancing weapons
  6 deep troll shamans
  A shock serpent (shapeshifter) (D:15)
  An orc high priest (Orc:1)
  2 spriggan berserkers
  5 shock serpents
  10 naga sharpshooters
  18 deep elf knights
  A hell knight (Vaults:2)
  2 iron trolls (Depths:4)
  4 skeletal warriors (Vaults:2)
  2 shadow wraiths
  A salamander mystic (Snake:3)
  A golden dragon zombie (Abyss:2)
  2 unseen horrors (Vaults:1)
  A large abomination (Abyss:2)
  An orange crystal statue (WizLab)
  3 spriggan druids
  25 deep trolls
  6 swamp dragons
  2 gelid demonspawn (Depths:3)
  A shambling mangrove (Swamp:1)
  11 glowing orange brains
  2 glowing orange brains (shapeshifter) (Vaults:5)
  7 wizards
  15 ironbrand convokers
  3 spectral hydras (Swamp:4)
  3 flayed ghosts
  A spectral wolf spider (D:10)
  12 deep elf archers
  7 naga ritualists
  4 phantasmal warriors
  2 necromancers
  2 mana vipers (Snake:3)
  3 orc sorcerers (Orc:2)
  An oklob plant (Swamp:4)
  2 orc knights
  35 ugly things
  55 deep elf magi
  3 cyclopes
  4 wolf spiders
  4 guardian serpents
  A cyclops (shapeshifter) (Vaults:5)
  7 elephants
  9 salamanders
  A worldbinder (Abyss:2)
  9 vault sentinels
  A black mamba (shapeshifter) (Elf:2)
  2 apocalypse crabs (Abyss:2)
  13 naga magi
  A rust devil (Depths:3)
  2 ice statues (IceCv)
  3 eyes of devastation (WizLab)
  Joseph (D:9)
  Maurice (Orc:1)
  4 torpor snails (Lair:3)
  29 black mambas
  2 gargoyles
  An orange demon (Abyss:2)
  13 spiny frogs
  2 freezing wraiths
  5 centaur skeletons
  6 komodo dragons
  2 swamp worm zombies (Swamp:4)
  3 efreet
  A tormentor (Abyss:2)
  37 yaktaurs
  An ice devil (D:15)
  3 rime drakes
  4 hydra zombies (Swamp:4)
  An ancient zyme (Abyss:2)
  A queen bee (D:10)
  A meliai (D:13)
  2 jumping spiders (shapeshifter)
  A troll (shapeshifter) (D:15)
  A tyrant leech (shapeshifter) (Vaults:4)
  A red devil (Depths:3)
  18 hornets
  A harpy skeleton (D:15)
  A tengu conjurer (Depths:1)
  2 polar bears (shapeshifter)
  A hornet (shapeshifter) (Depths:3)
  10 trolls
  A blink frog (shapeshifter) (Vaults:4)
  7 tyrant leeches
  38 slime creatures
  2 spectral swamp dragons (Swamp:4)
  18 blink frogs
  4 dream sheep
  9 bog bodies
  4 hippogriffs
  3 alligator zombies (Swamp:4)
  16 starcursed masses
  2 air elementals
  2 redbacks (Vaults:3)
  11 spriggans
  6 water elementals
  3 wyverns
  2 ynoxinuls (Abyss:2)
  A redback (shapeshifter) (Vaults:5)
  27 yaks
  6 fire elementals
  An orc simulacrum (Vaults:3)
  A hungry ghost (D:6)
  A wraith (D:15)
  2 humans
  A human (shapeshifter) (Depths:2)
  2 basilisks
  2 chaos spawn (Abyss:2)
  25 vampire mosquitoes
  A naga (shapeshifter) (Depths:1)
  33 nagas
  11 wargs
  2 small abominations
  A soldier ant (D:14)
  10 swamp worms
  27 insubstantial wisps
  3 water moccasins
  A floating eye (Depths:3)
  2 hell hounds (D:14)
  3 porcupines
  8 swamp drakes
  3 sky beasts
  3 eyes of draining (shapeshifter)
  6 phantoms
  21 orc warriors
  An ice beast (shapeshifter) (Depths:4)
  2 black bears (D:13)
  7 ice beasts
  2 eyes of draining
  25 ogres
  2 swamp dragon zombies (Swamp:4)
  14 centaurs
  3 wolves (Lair:3)
  5 boggarts
  6 crocodiles
  6 big kobolds (Sewer)
  A spectral wyvern (D:10)
  Blork the orc (D:4)
  11 bullfrogs
  2 earth elementals
  A glowing shapeshifter simulacrum (Vaults:1)
  A wyvern zombie (D:10)
  7 scorpions
  17 killer bees
  A human simulacrum (Vaults:2)
  14 wights
  2 spriggan skeletons (Lab)
  2 howler monkeys
  5 crimson imps
  A bullfrog zombie (D:5)
  2 bullfrog skeletons
  A centaur zombie (D:9)
  6 orc priests
  3 hounds
  3 jellies
  9 orc wizards
  A gnoll shaman (D:8)
  4 iguanas
  2 spectral swamp drakes (Swamp:4)
  12 worker ants
  A hound zombie (D:8)
  A worker ant zombie (D:6)
  8 gnolls
  7 river rats (Sewer)
  16 adders
  A shadow imp (D:10)
  4 white imps (D:15)
  An ufetubus (Vaults:1)
  An ooze (Sewer)
  An adder zombie (D:9)
  4 worms
  A dart slug (D:1)
  2 leopard geckos (D:1)
  42 orcs
  4 ball pythons
  3 giant cockroaches
  2 goblins
  3 hobgoblins (D:1)
  5 jackals
  4 quokkas
  10 bats
  4 frilled lizards
  20 kobolds
  2 leopard gecko skeletons
  24 rats
  2 briar patches (Swamp:3)
  3 crawling corpses
  A fungus (Lair:4)
  8 plants
  10 starspawn tentacles (WizLab)
1584 creatures vanquished.

Vanquished Creatures (collateral kills)
  A bone dragon (Swamp:4)
  Rupert (Orc:2)
  A tentacled monstrosity (Depths:3)
  A quicksilver dragon (WizLab)
  A sphinx (Vaults:1)
  2 shadow dragons (Vaults:5)
  A fire giant (D:15)
  3 nagarajas (Snake:4)
  3 vault wardens
  2 orc warlords (Orc:2)
  A stone giant (Vaults:3)
  5 very ugly things
  The ghost of Xaohity the Severer, a journeyman GrBe of Trog (D:15)
  A crystal guardian (Vaults:5)
  A fire dragon (D:14)
  A yaktaur captain (Vaults:5)
  A deep elf high priest (Vaults:5)
  Fannar (Lair:3)
  A hydra (Lair:5)
  An ice dragon (Vaults:2)
  6 vault guards
  5 anacondas
  5 naga warriors
  A centaur warrior (Vaults:1)
  An ogre mage (Vaults:1)
  An alligator (Swamp:3)
  5 two-headed ogres
  2 rakshasas
  2 death knights
  3 dancing weapons
  A deep troll shaman (Vaults:2)
  4 orc high priests (Orc:2)
  4 naga sharpshooters
  A sun demon (D:15)
  3 shock serpents
  3 hell knights (Vaults:2)
  A skeletal warrior (D:15)
  A sea snake (Snake:1)
  2 deep trolls
  An unseen horror (shapeshifter) (D:15)
  2 glowing orange brains
  2 naga ritualists
  3 ironbrand convokers
  2 shambling mangroves
  A spectral hydra (Swamp:4)
  2 deep elf archers
  A wolf spider (Vaults:4)
  5 orc knights
  A mana viper (Snake:2)
  7 ugly things
  4 deep elf magi
  8 salamanders
  3 cyclopes
  A spectral centaur (D:10)
  5 elephants
  5 guardian serpents
  16 black mambas
  A vault sentinel (Vaults:2)
  12 naga magi
  A gargoyle (D:12)
  An eye of devastation (WizLab)
  7 spiny frogs
  A centaur skeleton (D:15)
  A spiny frog (shapeshifter) (D:15)
  A rime drake (Lair:6)
  2 yaktaurs (Vaults:3)
  A komodo dragon (D:14)
  2 meliai (D:13)
  A troll (shapeshifter) (D:15)
  3 hornets
  A hydra zombie (Swamp:4)
  A tyrant leech (Lair:6)
  A wind drake (shapeshifter) (Vaults:3)
  6 slime creatures
  A dream sheep (Lair:5)
  14 blink frogs
  2 hippogriffs
  A centaur simulacrum (D:10)
  A dream sheep (shapeshifter) (Vaults:5)
  A tarantella (shapeshifter) (D:15)
  20 yaks
  A wyvern (Lair:5)
  2 basilisks
  4 fire elementals
  A neqoxec (D:15)
  11 vampire mosquitoes
  11 wargs
  7 nagas
  A hell hound (D:14)
  4 water moccasins
  A porcupine (Lair:4)
  11 orc warriors
  A black bear (D:13)
  3 wolves (Lair:3)
  5 ogres
  7 centaurs
  4 crocodiles
  A big kobold (D:14)
  9 bullfrogs
  2 earth elementals (Elf:1)
  A wyvern zombie (D:14)
  An elf simulacrum (Vaults:1)
  A scorpion (D:11)
  2 wights (D:13)
  A troll skeleton (Lab)
  An electric eel (Lair:6)
  4 crimson imps
  A hound (D:13)
  A jelly (D:11)
  A quasit (D:11)
  7 orc priests
  6 orc wizards
  A worker ant (D:13)
  23 orcs
  2 bushes
  2 butterflies (Lair:6)
  2 crawling corpses
  6 fungi
  14 plants
396 creatures vanquished.

Vanquished Creatures (others)
  2 orc warlords
  A deep elf elementalist (Vaults:5)
  3 orc high priests
  25 orc knights
  A wizard (Vaults:3)
  An ugly thing (IceCv)
  5 orc sorcerers
  A naga mage (Snake:4)
  2 yaktaurs
  A slime creature (Swamp:1)
  An insubstantial wisp (Swamp:4)
  A warg (Orc:2)
  A phantom (Swamp:4)
  34 orc warriors
  An ogre (Vaults:5)
  An earth elemental (Elf:2)
  26 orc priests
  26 orc wizards
  A spectral bullfrog (D:10)
  87 orcs
  4 bushes (Elf:2)
  4 demonic plants (WizLab)
  14 fungi
  39 plants
  40 starspawn tentacles
  4 withered plants (Lair:6)
326 creatures vanquished.

Grand Total: 2306 creatures vanquished

Notes
Turn   | Place    | Note
-------+----------+-------------------------------------------
     0 | D:1      | ernesto the Hill Orc Fighter began the quest for the Orb.
     0 | D:1      | Reached XP level 1. HP: 19/19 MP: 1/1
   400 | D:1      | Reached XP level 2. HP: 23/27 MP: 2/2
  1021 | D:2      | Reached XP level 3. HP: 33/33 MP: 3/3
  1254 | D:2      | Found a deep blue altar of Sif Muna.
  1822 | D:3      | Reached XP level 4. HP: 40/40 MP: 4/4
  1848 | D:3      | Found a glowing drain.
  1876 | Sewer    | Entered a sewer
  2074 | Sewer    | Noticed a big kobold
  2087 | Sewer    | Killed a big kobold
  2087 | Sewer    | Reached skill level 5 in Axes
  2087 | Sewer    | Reached XP level 5. HP: 35/46 MP: 5/5
  2325 | Sewer    | Reached skill level 1 in Dodging
  2325 | Sewer    | Reached XP level 6. HP: 35/52 MP: 6/6
  2969 | Sewer    | Reached XP level 7. HP: 60/60 MP: 7/7
  3086 | Sewer    | Reached skill level 5 in Fighting
  3525 | D:3      | Found a blossoming altar of Fedhas.
  3525 | D:3      | Found a stormy altar of Qazlal.
  3654 | D:3      | Reached skill level 5 in Armour
  3830 | D:3      | Found a burning altar of Makhleb.
  4361 | D:4      | Noticed Blork the orc
  4367 | D:4      | Killed Blork the orc
  4367 | D:4      | Reached skill level 5 in Shields
  4367 | D:4      | Reached XP level 8. HP: 60/69 MP: 8/8
  5014 | D:4      | Found a bloodstained altar of Trog.
  5180 | D:4      | Became a worshipper of Beogh the Brigand
  5345 | D:5      | Entered Level 5 of the Dungeon
  5610 | D:5      | Found Mucufoqa's General Store.
  5644 | D:5      | Bought a potion of curing for 30 gold pieces
  5895 | D:5      | Found a hide-covered altar of Uskayaw.
  5918 | D:5      | Found a deep blue altar of Sif Muna.
  5946 | D:5      | Reached skill level 1 in Invocations
  6155 | D:6      | Reached XP level 9. HP: 66/81 MP: 8/10
  6352 | D:6      | Found a staircase to the Ecumenical Temple.
  6407 | D:6      | Found a deep blue altar of Sif Muna.
  6493 | D:6      | Reached * piety under Beogh
  6809 | D:6      | Found a white marble altar of Elyvilon.
  6809 | D:6      | Found a glowing silver altar of Zin.
  6810 | D:6      | Found a glowing golden altar of the Shining One.
  7063 | D:6      | Found a shattered altar of Ashenzari.
  7414 | D:7      | Got a fine helmet
  7420 | D:7      | Identified the +0 helmet of Laapolae {rElec rC+ rN+} (You
                  | found it on level 7 of the Dungeon)
  7571 | D:7      | Reached ** piety under Beogh
  7571 | D:7      | Reached skill level 10 in Fighting
  7752 | D:7      | Found an iron altar of Okawaru.
  7867 | D:7      | Reached skill level 5 in Invocations
  8268 | D:8      | Found a staircase to the Lair.
  8499 | D:8      | Found Byeshre's Jewellery Shop.
  8552 | D:8      | Found Ajibb's Distillery.
  8570 | D:8      | Bought 2 potions of curing for 66 gold pieces
  8570 | D:8      | Bought a potion of curing for 33 gold pieces
  8767 | D:8      | Identified a scroll of acquirement
  8773 | D:9      | Found an iron altar of Okawaru.
  8792 | D:9      | Reached XP level 10. HP: 81/93 MP: 13/13
  9225 | D:9      | Noticed Joseph
  9248 | D:9      | Killed Joseph
  9687 | D:9      | Found an ornate altar of the Wu Jian Council.
 10126 | D:9      | Found a hazy altar of Hepliaklqana.
 10126 | D:9      | Found a faded altar of an unknown god.
 10131 | D:9      | Found a faded altar of an unknown god.
 10133 | D:9      | Found a sacrificial altar of Ru.
 10135 | D:9      | Found a sparkling altar of Nemelex Xobeh.
 10264 | D:10     | Entered Level 10 of the Dungeon
 10368 | D:10     | Reached *** piety under Beogh
 10368 | D:10     | Reached skill level 10 in Axes
 10957 | D:10     | Noticed a two-headed ogre
 10977 | D:10     | Killed a two-headed ogre
 11205 | D:10     | Noticed a two-headed ogre
 11217 | D:10     | HP: 1/93 [two-headed ogre/giant club (23)]
 11218 | D:10     | Killed a two-headed ogre
 11648 | D:10     | Reached skill level 10 in Shields
 11664 | D:10     | Reached XP level 11. HP: 79/99 MP: 14/14
 11750 | D:10     | Noticed a two-headed ogre
 11760 | D:10     | Noticed Erolcha
 11773 | D:10     | Found a staircase to the Orcish Mines.
 12102 | D:9      | Killed Erolcha
 12611 | D:10     | Killed a two-headed ogre
 12958 | D:10     | Found a runed gate.
 12958 | D:10     | Found a runed gate.
 12958 | D:10     | Found a runed gate.
 12958 | D:10     | Noticed lenfi's ghost (novice NaEn)
 13448 | Orc:1    | Entered Level 1 of the Orcish Mines
 13546 | Orc:1    | Noticed an orc high priest
 13651 | Orc:1    | Noticed a sixfirhy
 13653 | Orc:1    | Killed an orc high priest
 13797 | Orc:1    | Noticed Maurice
 13982 | Orc:1    | Killed Maurice
 14088 | Orc:2    | Entered Level 2 of the Orcish Mines
 14096 | Orc:2    | Reached **** piety under Beogh
 14145 | Orc:2    | Noticed a two-headed ogre
 14154 | Orc:2    | Killed a two-headed ogre
 14463 | Orc:2    | Noticed a two-headed ogre
 14471 | Orc:2    | Killed a two-headed ogre
 14652 | Orc:2    | Found Eden's Antique Armour Emporium.
 14652 | Orc:2    | Noticed an orc knight
 14712 | Orc:2    | Found Lasomuri's Assorted Antiques.
 14712 | Orc:2    | Noticed an orc knight
 14743 | Orc:2    | Found a roughly hewn altar of Beogh.
 14743 | Orc:2    | Noticed an orc warlord
 14762 | Orc:2    | Killed an orc warlord
 15107 | Orc:2    | Noticed an orc sorcerer
 15107 | Orc:2    | Noticed an orc sorcerer
 15107 | Orc:2    | Noticed an orc knight
 15123 | Orc:2    | Noticed a sun demon
 15127 | Orc:2    | Reached XP level 12. HP: 98/113 MP: 15/15
 15129 | Orc:2    | Noticed a soul eater
 15739 | Orc:2    | Noticed an ettin
 15747 | Orc:2    | Killed an ettin
 15847 | Orc:2    | Noticed Rupert
 15876 | Orc:2    | Killed Rupert
 16116 | Orc:2    | Found a staircase to the Elven Halls.
 16174 | Orc:2    | Reached skill level 10 in Armour
 16414 | Orc:2    | Noticed an orc warlord
 16450 | Orc:2    | Killed an orc warlord
 16478 | Orc:2    | Reached ***** piety under Beogh
 16478 | Orc:2    | Gained Alork as an ally
 16505 | Orc:2    | Noticed an orc high priest
 16523 | Orc:2    | Killed an orc high priest
 16616 | Orc:2    | Noticed an orc high priest
 16624 | Orc:2    | Killed an orc high priest
 16680 | Orc:2    | Noticed an orc high priest
 16682 | Orc:2    | Killed an orc high priest
 16682 | Orc:2    | Gained Olfrun as an ally
 16866 | Orc:2    | Found a roughly hewn altar of Beogh.
 16992 | Orc:2    | Found Gubbamm's Book Shop.
 17050 | Orc:2    | Found Ibieff's Book Emporium.
 17053 | Orc:2    | Noticed an orc high priest
 17061 | Orc:2    | Noticed a sun demon
 17067 | Orc:2    | Killed an orc high priest
 17766 | Orc:1    | Found Rudivobe's Food Emporium.
 17872 | Orc:2    | Bought a pair of embroidered gloves for 232 gold pieces
 18058 | Lair:1   | Entered Level 1 of the Lair of Beasts
 19117 | Lair:2   | Reached XP level 13. HP: 114/122 MP: 18/18
 19650 | Lair:2   | Reached skill level 1 in Evocations
 21369 | Lair:3   | Noticed Fannar
 21380 | Lair:3   | Killed Fannar
 21644 | Lair:3   | Found a snail-covered altar of Cheibriados.
 22769 | Lair:4   | Found a staircase to the Snake Pit.
 23117 | Lair:4   | Found a staircase to the Swamp.
 23231 | Lair:4   | Found a blossoming altar of Fedhas.
 23724 | Lair:5   | Reached ****** piety under Beogh
 24209 | Lair:5   | Found a glowing silver altar of Zin.
 24811 | Lair:6   | Entered Level 6 of the Lair of Beasts
 24824 | Lair:6   | Reached XP level 14. HP: 124/133 MP: 19/19
 24938 | Lair:6   | Reached skill level 15 in Fighting
 24996 | Lair:6   | Reached skill level 15 in Axes
 25933 | Lair:6   | Found a staircase to the Slime Pits.
 25933 | Lair:6   | Found a viscous altar of Jiyva.
 25966 | Lair:6   | Found a runed gate.
 25966 | Lair:6   | Found a runed gate.
 25966 | Lair:6   | Found a runed gate.
 25966 | Lair:6   | Noticed vuolankoinen's ghost (journeyman HuWn)
 25967 | Lair:6   | Noticed Peloso's ghost (journeyman MiFi)
 25967 | Lair:6   | Noticed Zarkath's ghost (journeyman OpWz)
 27019 | D:10     | Killed lenfi's ghost
 27177 | D:11     | Found a glowing silver altar of Zin.
 27257 | D:11     | Found a sparkling altar of Nemelex Xobeh.
 27322 | D:11     | Got a twitching brass ring
 28334 | D:12     | Identified the ring of Tahushrowei {+Fly rF+ Slay+4} (You
                  | found it on level 11 of the Dungeon)
 28358 | D:13     | Found a labyrinth entrance.
 28366 | Lab      | Entered a labyrinth
 29975 | Lab      | Got a shimmering lapis lazuli ring
 29985 | Lab      | Identified the ring "Zautzit" {rPois rN+} (You found it in
                  | a labyrinth)
 30009 | Lab      | Got a polished chain mail
 30011 | Lab      | Identified the +1 chain mail "Dubumy" {MR+} (You found it
                  | in a labyrinth)
 30904 | D:13     | Gained Nordag as an ally
 30913 | D:13     | Your ally Nordag died
 31171 | D:13     | Gained Blodwig as an ally
 31307 | D:13     | Reached XP level 15. HP: 128/141 MP: 20/20
 31487 | D:13     | Noticed Nessos
 31630 | D:13     | Killed Nessos
 32095 | D:14     | Found a portal to a secret trove of treasure.
 32156 | D:14     | Noticed Azrael
 32167 | D:14     | Reached skill level 15 in Armour
 32188 | D:14     | Killed Azrael
 32218 | D:14     | Gained Blodwig as an ally
 32408 | D:14     | Found a gate to the Vaults.
 32625 | D:14     | Reached skill level 5 in Evocations
 33616 | D:15     | Entered Level 15 of the Dungeon
 33728 | D:15     | Found a blossoming altar of Fedhas.
 33780 | D:15     | Found a staircase to the Depths.
 33781 | D:15     | Noticed a fire giant
 33907 | D:15     | Found a runed gate.
 33907 | D:15     | Found a runed gate.
 33908 | D:15     | Found a runed gate.
 33933 | D:15     | Found a runed gate.
 33933 | D:15     | Found a runed gate.
 33937 | D:15     | Found a runed gate.
 33937 | D:15     | Noticed Xaohity's ghost (journeyman GrBe)
 33938 | D:15     | Found the +5 robe of Night {Dark MR+ SInv}
 33952 | D:15     | Killed Xaohity's ghost
 33959 | D:15     | Gained Borgoth as an ally
 34062 | D:15     | Found a frozen archway.
 34076 | IceCv    | Entered an ice cave
 34281 | IceCv    | Found a transporter.
 34326 | IceCv    | Found a transporter.
 34443 | IceCv    | Identified the Reference Book on Burning Darkness
 34616 | D:15     | Found the +10 dark maul {crush}
 34975 | D:15     | Killed a fire giant
 35578 | D:15     | Reached XP level 16. HP: 147/149 MP: 21/21
 36057 | Swamp:1  | Entered Level 1 of the Swamp
 38199 | Swamp:2  | Noticed a thorn hunter
 39543 | Swamp:3  | Noticed a thorn hunter
 39831 | Swamp:3  | Killed a thorn hunter
 39902 | Swamp:3  | Killed a thorn hunter
 40015 | Swamp:3  | Gained Okrist as an ally
 40818 | Swamp:3  | Your ally Okrist died
 41306 | Swamp:4  | Entered Level 4 of the Swamp
 41743 | Swamp:4  | Reached XP level 17. HP: 140/163 MP: 22/22
 43627 | Swamp:4  | Noticed a bone dragon
 44034 | Swamp:4  | Your ally Alork died
 44036 | Swamp:4  | Killed a bone dragon
 44213 | Swamp:4  | Got a decaying rune of Zot
 44541 | Snake:1  | Entered Level 1 of the Snake Pit
 44600 | Snake:1  | Your ally Borgoth died
 45043 | Snake:1  | Got a polished dire flail
 45044 | Snake:1  | Identified the +9 dire flail of the Lesser Evil {crush,
                  | rN+} (You found it on level 1 of the Snake Pit)
 45168 | Snake:1  | Reached skill level 1 in Maces & Flails
 45529 | Snake:1  | Your ally Blodwig died
 45944 | Snake:2  | Gained Norbak as an ally
 46141 | Snake:2  | Reached skill level 15 in Shields
 46193 | Snake:2  | Your ally Blodwig died
 46198 | Snake:2  | Your ally Norbak died
 47121 | Snake:2  | Noticed Roxanne
 47682 | Snake:3  | Noticed Agnes
 47687 | Snake:3  | Killed Agnes
 47731 | Snake:3  | Reached XP level 18. HP: 137/174 MP: 23/23
 48434 | Snake:3  | Noticed Vashnia
 48466 | Snake:3  | Killed Vashnia
 48466 | Snake:3  | Gained Orkrul as an ally
 49534 | Snake:4  | Entered Level 4 of the Snake Pit
 49773 | Snake:4  | Found Bunaam's Distillery.
 49842 | Snake:4  | Bought a potion of curing for 63 gold pieces
 49842 | Snake:4  | Bought a potion of heal wounds for 105 gold pieces
 49842 | Snake:4  | Bought 2 potions of curing for 126 gold pieces
 49842 | Snake:4  | Bought a potion of curing for 63 gold pieces
 49842 | Snake:4  | Bought a potion of haste for 210 gold pieces
 50205 | Snake:4  | Your ally Orkrul died
 50730 | Snake:4  | Your ally Olfrun died
 51989 | Snake:4  | Gained Thorok as an ally
 52109 | Snake:4  | Your ally Thorok died
 52251 | Snake:4  | Reached skill level 10 in Invocations
 52423 | Snake:4  | Got a serpentine rune of Zot
 52807 | Elf:1    | Entered Level 1 of the Elven Halls
 52832 | Elf:1    | Gained Bogrim as an ally
 53113 | Elf:1    | Reached skill level 10 in Evocations
 53232 | Elf:1    | Your ally Bogrim died
 53834 | Elf:1    | Reached XP level 19. HP: 182/182 MP: 26/26
 55197 | Elf:2    | Got a flickering brass ring
 55198 | Elf:2    | Identified the ring of Desertification {*Slow +Fly MR+
                  | Str+10 Int+3} (You found it on level 2 of the Elven Halls)
 55237 | Elf:2    | Got a dazzling battleaxe {chop}
 55240 | Elf:2    | Identified the +11 battleaxe of the Final Chapter {chop,
                  | rC+ Str+4 Dex-2} (You took it off a deep elf mage on level
                  | 2 of the Elven Halls)
 55315 | Elf:2    | Gained Bolgrim as an ally
 55673 | Elf:2    | Found a runed gate.
 55673 | Elf:2    | Found a runed gate.
 55673 | Elf:2    | Found a runed gate.
 56424 | Elf:2    | Your ally Bolgrim died
 58059 | Elf:3    | Entered Level 3 of the Elven Halls
 58069 | Elf:3    | Found a magical portal.
 58135 | WizLab   | Entered Lehudib's Moon Base
 58443 | WizLab   | Paralysed by accursed screaming for 1 turns
 59090 | WizLab   | Gained Boldo as an ally
 59151 | WizLab   | Reached XP level 20. HP: 118/193 MP: 27/27
 59393 | WizLab   | Gained mutation: Your magical capacity is low. (-10% MP) [a
                  | cacodemon]
 59647 | WizLab   | Gained mutation: You are occasionally teleported next to
                  | monsters. [a neqoxec]
 59649 | WizLab   | Gained mutation: You are frail. (-10% HP) [a neqoxec]
 59738 | WizLab   | Your ally Boldo died
 60027 | WizLab   | Reached skill level 5 in Dodging
 60915 | WizLab   | Found a transporter.
 61588 | WizLab   | Identified Lehudib's Guide on the Damaging Rocks
 61612 | WizLab   | Found a transporter.
 61622 | WizLab   | Identified the Incunabulum of the Glacier and the Voyage
 61625 | WizLab   | Got a heavily runed buckler
 61632 | WizLab   | Identified the +6 buckler of Shielding {Int+2 Dex-2 SInv}
                  | (You found it in a wizard's laboratory)
 62099 | Elf:3    | Found Qiezast's Magic Scroll Shop.
 62103 | Elf:3    | Bought a scroll of silence for 127 gold pieces
 62103 | Elf:3    | Bought a scroll of summoning for 161 gold pieces
 62394 | Elf:3    | Gained Ugrim as an ally
 62971 | Elf:3    | Cast into level 2 of the Abyss (a deep elf demonologist)
 63602 | Elf:3    | Escaped the Abyss
 63654 | Elf:3    | Your ally Ugrim died
 64292 | Elf:3    | Reached XP level 21. HP: 180/180 MP: 25/25
 64489 | Elf:3    | Got a pitted scale mail
 64490 | Elf:3    | Identified the +3 scale mail of the Clam {Dex+4} (You took
                  | it off a deep elf master archer on level 3 of the Elven
                  | Halls)
 64840 | Elf:3    | Got a scorched plate armour
 64843 | Elf:3    | Got a slimy mace {speed}
 64847 | Elf:3    | Identified the +10 mace "Haxo" {speed, Dex+2 Stlth+} (You
                  | took it off a deep elf annihilator on level 3 of the Elven
                  | Halls)
 64848 | Elf:3    | Identified the cursed +0 plate armour "Gunibrom" {+Inv rN+
                  | Dex+3 Slay+4} (You took it off a deep elf high priest on
                  | level 3 of the Elven Halls)
 64884 | Elf:3    | Found the +8 longbow "Zephyr" {speed, Dex+3 SInv}
 64920 | Elf:3    | Got a slimy ring mail
 64930 | Elf:3    | Identified the Guide on Augmentations and Cold
 64986 | Elf:3    | Identified the +4 ring mail of Imperfection {rElec rC+ rN+
                  | Int+2} (You found it on level 3 of the Elven Halls)
 65017 | Elf:3    | Got a vibrating lead ring
 65018 | Elf:3    | Identified the ring of Xinanlah {rElec Slay+2 SInv Stlth-}
                  | (You found it on level 3 of the Elven Halls)
 65058 | Elf:3    | Found the fabulously ornate robe
 65556 | Lair:6   | Killed Peloso's ghost
 65561 | Lair:6   | Killed vuolankoinen's ghost
 65562 | Lair:6   | Killed Zarkath's ghost
 65670 | Lair:6   | Lost mutation: You are occasionally teleported next to
                  | monsters. [potion of mutation]
 65670 | Lair:6   | Gained mutation: Your mind is acute. (Int +2) [potion of
                  | mutation]
 65670 | Lair:6   | Gained mutation: You can translocate small distances at
                  | will. [potion of mutation]
 65957 | Vaults:1 | Entered Level 1 of the Vaults
 66073 | Vaults:1 | Gained Bogwald as an ally
 66561 | Vaults:1 | Gained Morbeogh as an ally
 66684 | Vaults:1 | Found Fotocw's Assorted Antiques.
 67590 | Vaults:1 | Found Owko's Antique Armour Shoppe.
 67594 | Vaults:1 | Found Seesofe's Magic Scroll Shop.
 67649 | Vaults:1 | Found Kuwn's Assorted Antiques.
 67671 | Vaults:1 | Bought a translucent turquoise ring for 215 gold pieces
 67671 | Vaults:1 | Bought a potion of heal wounds for 215 gold pieces
 67671 | Vaults:1 | Identified the ring "Zoxicaf" {+Blink Stlth-} (You bought
                  | it in a shop on level 1 of the Vaults)
 68632 | Vaults:2 | Gained Bogward as an ally
 68916 | Vaults:2 | Noticed Margery
 68932 | Vaults:2 | Your ally Bogward died
 69432 | Vaults:2 | Found Kosix's Antique Weapon Shop.
 69681 | Vaults:2 | Killed Margery
 70334 | Vaults:2 | Identified the Disquisition on Gliding Poison
 70477 | Vaults:3 | Reached XP level 22. HP: 175/189 MP: 26/26
 70595 | Vaults:3 | Your ally Morbeogh died
 71246 | Vaults:3 | Found a staircase to the Crypt.
 71634 | Vaults:3 | Found Delef's Food Emporium.
 74304 | Vaults:5 | Entered Level 5 of the Vaults
 74858 | Vaults:5 | Reached XP level 23. HP: 165/201 MP: 27/27
 76259 | Vaults:5 | Your ally Bogwald died
 76265 | Vaults:5 | Gained Ogrik as an ally
 76267 | Vaults:5 | Your ally Ogrik died
 76552 | Vaults:5 | Identified the Grimoire of Glacial Malediction
 76602 | Vaults:5 | Noticed a golden dragon
 77125 | Vaults:5 | Got a fine mace {crush}
 77126 | Vaults:5 | Identified the +6 mace of Kismet {crush, rC+ MR+} (You took
                  | it off an ironbrand convoker on level 5 of the Vaults)
 77156 | Vaults:5 | Got a transparent battleaxe {flame}
 77157 | Vaults:5 | Identified the +5 battleaxe "Vadaj" {flame, MR+ MP+9 Str+2}
                  | (You took it off an ironbrand convoker on level 5 of the
                  | Vaults)
 77499 | Vaults:5 | Got a silver rune of Zot
 77509 | Vaults:5 | Identified a +1 pair of boots of running (You found it on
                  | level 5 of the Vaults)
 78460 | Depths:1 | Entered Level 1 of the Depths
 78657 | Depths:1 | Gained Borgoth as an ally
 78666 | Depths:1 | Found a one-way gate leading to the halls of Pandemonium.
 78716 | Depths:1 | Gained Boghold as an ally
 78986 | Depths:1 | Found Sixkiyget's Jewellery Emporium.
 78986 | Depths:1 | Found Vucosoez's Gadget Shop.
 78987 | Depths:1 | Found Syokor Gusi's Jewellery Emporium.
 79123 | Depths:1 | Found the amulet of Vitality {Regen+ HP+15}
 79233 | Depths:1 | Found a large runed door.
 79233 | Depths:1 | Found a large runed door.
 79234 | Depths:1 | Noticed Cykl0x's ghost (journeyman DDFi)
 79437 | Depths:1 | Found a gateway to Hell.
 79529 | Depths:2 | Reached XP level 24. HP: 214/214 MP: 27/27
 79565 | Depths:2 | Noticed a caustic shrike
 79574 | Depths:2 | Killed a caustic shrike
 79580 | Depths:2 | Your ally Borgoth died
 79837 | Depths:2 | Found Bioxt's Book Emporium.
 79944 | Depths:2 | Noticed a caustic shrike
 79944 | Depths:2 | Noticed a caustic shrike
 79954 | Depths:2 | Killed a caustic shrike
 79960 | Depths:2 | Killed a caustic shrike
 79960 | Depths:2 | Noticed a caustic shrike
 79968 | Depths:2 | Killed a caustic shrike
 80289 | Depths:3 | Found a gateway to a ziggurat.
 80362 | Depths:3 | Found Timarusch's Antique Armour Shoppe.
 80367 | Depths:3 | Bought a distressingly furry shield for 285 gold pieces
 80367 | Depths:3 | Identified the +2 shield of Beogh's Supremacy {+Blink rF+
                  | Int+3 SInv} (You bought it in a shop on level 3 of the
                  | Depths)
 81727 | Depths:4 | Your ally Boghold died
 82799 | Depths:4 | Found Geqypha's Jewellery Shop.
 82808 | Depths:4 | Found Metokh's Gadget Shop.
 82825 | Depths:4 | Found a one-way gate to the infinite horrors of the Abyss.
 83978 | Depths:5 | Entered Level 5 of the Depths
 84000 | Depths:5 | Noticed a juggernaut
 84025 | Depths:5 | HP: 10/217 [iron troll[a glowing orange brain] (23)]
 84025 | Depths:5 | HP: 4/217 [iron troll[a glowing orange brain] (6)]
 84025 | Depths:5 | Mangled by an iron troll

Skill      XL: |  1  2  3  4  5  6  7  8  9 10 11 12 13 14 15 16 17 18 19 20 21 22 23 24 |
---------------+-------------------------------------------------------------------------+-----
Axes           | 3 5 6 7 8 11 12 14 15 17 18 19 20 22 23 25 | 25.5
Fighting       | 4 5 8 10 12 13 14 15 17 18 19 20 22 24 25 | 25.0
Armour         | 4 5 7 8 12 13 14 16 18 21 22 23 24 | 24.5
Shields        | 4 5 7 10 12 15 | 15.3
Dodging        | 1 4 5 |  5.6
Invocations    | 2 5 7 10 13 | 13.4
Evocations     | 3 5 10 | 10.2
Maces & Flails | 1 |  1.0
Stealth        | |  0.2

Action                   |  1- 3 |  4- 6 |  7- 9 | 10-12 | 13-15 | 16-18 | 19-21 | 22-24 || total
-------------------------+-------+-------+-------+-------+-------+-------+-------+-------++-------
Melee: War axe           |    97 |   135 |   515 |   666 |   718 |       |       |       ||  2131
       Trident           |       |       |       |       |    37 |       |       |       ||    37
       Broad axe         |       |       |       |       |   353 |  1127 |   166 |       ||  1646
       Morningstar       |       |       |       |       |       |    31 |       |       ||    31
       Battleaxe         |       |       |       |       |       |       |   839 |  1021 ||  1860
Invok: Convert to Beogh  |       |       |     1 |       |       |       |       |       ||     1
       Smiting           |       |       |       |     3 |     1 |    11 |     3 |     4 ||    22
       Recall Orcish Fol |       |       |       |       |       |     5 |     2 |     2 ||     9
       Give Item to Name |       |       |       |       |       |     1 |       |       ||     1
 Abil: Stop Flying       |       |       |       |       |     1 |       |       |       ||     1
       Evoke Flight      |       |       |       |       |     1 |       |       |       ||     1
       Blink             |       |       |       |       |       |       |     1 |     5 ||     6
       Evoke Blink       |       |       |       |       |       |       |       |     1 ||     1
Evoke: Wand              |       |       |       |       |     1 |     2 |     1 |       ||     4
  Use: Scroll            |       |       |    25 |     6 |    11 |    15 |    23 |    12 ||    92
       Potion            |       |       |     1 |     6 |       |     8 |     3 |     6 ||    24
 Stab: Distracted        |       |       |       |     1 |    15 |     6 |     5 |    13 ||    40
       Paralysed         |       |       |       |       |     2 |       |       |       ||     2
  Eat: Chunk             |     1 |     2 |    16 |     8 |    31 |    15 |    19 |    10 ||   102
       Ration            |     1 |       |     3 |     7 |     7 |    12 |    10 |     9 ||    49
Armor: Scale mail        |    33 |    51 |    31 |       |       |       |       |       ||   115
       Chain mail        |       |       |   127 |   171 |   253 |       |   109 |       ||   660
       Plate armour      |       |       |       |       |    62 |   442 |    25 |       ||   529
       Crystal plate arm |       |       |       |       |       |       |   283 |   942 ||  1225
Dodge: Dodged            |    25 |    45 |   155 |   292 |   386 |   474 |   295 |   457 ||  2129
Block: Shield            |    44 |    76 |   226 |   409 |   681 |   723 |    58 |       ||  2217
       Other             |       |       |       |       |       |       |    29 |    99 ||   128
       Reflection        |       |       |       |       |       |       |     2 |    14 ||    16
